Map: King Sejong Station LE

Players

kettlepunch - Winner!

  • Race: Terran Terran
  • League: Gold
  • Spawn Location: 11:00

Fropez

  • Race: Protoss Protoss
  • League: Gold
  • Spawn Location: 5:00

VOD

Have the link to the VOD?

Description

Time

  • Played on: Oct. 22, 2016, 10:25 p.m.
  • Length: 21:42
Show
View Real Time Build Order
Export as new Build Order

kettlepunch Terran - Winner!

Build Orders: MMM Bio 

Get SALT Encoding   

  12  0:01  SCV  
  13  0:13  SCV  
  14  0:21  Supply Depot  
  14  0:25  SCV  
  15  0:42  Refinery  
  15  0:46  Barracks  
  15  0:49  SCV  
  16  1:02  Barracks  
  16  1:05  SCV  
  17  1:23  Supply Depot  
  17  1:27  SCV  
  18  1:36  Reaper  
  19  1:54  Marine  
  19  1:59  SCV  
  21  2:09  Supply Depot  
  21  2:10  Reaper  
  22  2:16  SCV  
  22  2:17  Marine  
  24  2:34  Marine  
  26  2:45  Engineering Bay  
  26  2:46  Orbital Command  
  24  3:01  Marine  
  24  3:15  SCV  
  24  3:18  Missile Turret  
  25  3:21  Supply Depot, Refinery  
  25  3:30  Marine, SCV  
  27  3:49  SCV  
  28  4:02  Command Center  
  28  4:09  SCV, Barracks Tech Lab  
  29  4:16  Missile Turret  
  29  4:27  SCV  
  29  4:30  Terran Infantry Weapons Level 1  
  30  4:33  Stimpack  
  30  4:45  Factory  
  30  4:48  SCV  
  31  4:55  Marauder  
  31  4:57  Barracks Reactor  
  33  5:00  SCV  
  33  5:05  Missile Turret  
  34  5:12  SCV  
  35  5:15  Orbital Command  
  35  5:19  Refinery  
  35  5:22  Marauder  
  37  5:34  Starport  
  37  5:35  Marine  
  38  5:36  Factory Reactor  
  38  5:44  Marine x2  
  38  5:47  SCV  
  41  5:54  SCV  
  42  6:02  SCV, Armory  
  42  6:03  Marine x2  
  45  6:07  SCV  
  46  6:14  Missile Turret  
  46  6:23  Starport Reactor  
  46  6:25  Widow Mine x2  
  46  6:30  Marine  
  51  6:34  Supply Depot  
  51  6:35  Supply Depot  
  51  6:42  Supply Depot  
  51  6:46  Supply Depot  
  51  6:49  SCV x2  
  51  6:51  Marine  
  54  6:56  Combat Shields  
  54  7:07  Supply Depot  
  54  7:11  Missile Turret  
  54  7:12  Marine x2  
  54  7:14  Marauder  
  58  7:21  Refinery  
  58  7:27  Bunker  
  58  7:32  SCV x2  
  60  7:44  SCV  
  60  7:48  Widow Mine  
  60  7:49  Widow Mine  
  60  7:50  SCV  
  66  7:56  SCV  
  67  8:00  Engineering Bay  
  67  8:08  Command Center  
  67  8:16  Medivac x2  
  67  8:18  Concussive Shells  
  67  8:19  Widow Mine x2  
  73  8:24  Barracks  
  75  8:41  Terran Infantry Weapons Level 2  
  75  8:43  Terran Infantry Armor Level 1  
  75  8:49  Missile Turret  
  75  8:57  Supply Depot  
  75  9:05  SCV x2  
  77  9:17  SCV  
  77  9:18  Barracks Reactor, Missile Turret  
  78  9:26  Ghost Academy  
  72  10:00  Liberator x2  
  72  10:04  Marine x2  
  72  10:12  Marine x3  
  72  10:13  SCV x2  
  67  10:15  Widow Mine x2  
  67  10:21  Marine, Planetary Fortress  
  77  10:24  Missile Turret  
  77  10:27  Marine  
  79  10:29  Marine, Barracks  
  79  10:30  Marauder  
  82  10:42  Missile Turret  
  82  10:51  Refinery  
  82  11:15  SCV  
  82  11:17  Barracks  
  83  11:23  Marine x3  
  83  11:24  Marine, Marauder  
  89  11:27  Barracks Tech Lab  
  89  11:28  SCV  
  88  11:53  Marine x2  
  88  11:54  Marine, Marauder  
  93  12:05  Medivac x2  
  97  12:17  Marine x2  
  97  12:18  Marauder x2  
  103  12:34  Marine x2  
  103  12:35  Marine, Widow Mine x2  
  110  12:39  SCV x2  
  110  12:42  Refinery  
  112  12:54  Marine x4  
  112  12:55  Marauder  
  118  13:12  Barracks Tech Lab  
  118  13:21  Refinery  
  118  13:22  Command Center  
  105  13:43  Marine x2  
  105  13:44  Marine x2, Marauder x2  
  105  13:48  SCV x2  
  115  13:53  Factory  
  115  13:56  Factory  
  115  14:01  Marine x3  
  115  14:02  Marine  
  119  14:06  Marauder x2  
  119  14:08  Supply Depot  
  94  14:27  Marauder  
  88  14:33  Marine x2  
  88  14:34  Marine x2  
  88  14:37  Marine  
  92  14:41  Widow Mine x2  
  91  14:48  Marine  
  92  14:55  Marine x2  
  92  14:56  Marine  
  92  14:57  Marauder  
  97  15:02  SCV  
  97  15:03  Factory Tech Lab x2  
  92  15:25  Command Center  
  70  17:00  Marauder  
  70  17:01  Marine x2  
  70  17:13  SCV  
  70  17:14  Medivac  
  70  17:26  Marine x2, SCV, Marauder  
  70  17:30  Marine  
  70  17:31  Marauder  
  70  17:32  Marine  
  65  17:38  SCV  
  65  17:44  Marine x2  
  54  17:47  Marauder  
  54  17:48  Marine, Supply Depot  
  54  17:49  Marine, Supply Depot  
  54  17:50  SCV  
  61  17:51  Supply Depot  
  61  17:53  Marauder  
  61  17:54  Supply Depot x2  
  61  17:58  Widow Mine  
  63  18:02  Marine x2, SCV  
  68  18:06  Marine  
  68  18:07  Marine  
  68  18:10  Marine  
  71  18:14  Supply Depot x2, Marauder  
  71  18:15  SCV, Supply Depot x2  
  71  18:19  Marine x2  
  74  18:24  Marine  
  74  18:25  Marine  
  79  18:27  SCV  
  79  18:28  Marine  
  78  18:35  Marine  
  78  18:37  Marine x2  
  78  18:38  Supply Depot  
  75  18:45  Marine  
  67  18:53  Marine  
  56  19:28  Marine x2  
  56  19:29  Marine x2, Marauder  
  62  19:43  Command Center  
  62  19:45  Refinery  
  61  19:47  Marauder  
  57  20:03  Marine x2  
  41  20:47  SCV  
  41  20:48  Widow Mine  
  43  20:51  Siege Tank  
  46  20:59  Marine x2, SCV  
  49  21:10  Marine x2  
  49  21:11  Marine  
  52  21:17  Marine  
Show
View Real Time Build Order
Export as new Build Order

Fropez Protoss 

Build Orders:  

Get SALT Encoding   

  12  0:01  Probe (Chrono Boost)  
  13  0:13  Pylon  
  13  0:18  Probe (Chrono Boost)  
  14  0:29  Probe (Chrono Boost)  
  14  0:33  Gateway  
  15  0:40  Probe (Chrono Boost)  
  16  0:45  Assimilator  
  16  0:50  Probe (Chrono Boost)  
  17  1:03  Probe (Chrono Boost)  
  18  1:05  Gateway  
  18  1:13  Probe (Chrono Boost)  
  19  1:24  Probe (Chrono Boost)  
  20  1:26  Pylon  
  20  1:38  Cybernetics Core  
  20  1:59  Nexus  
  20  2:03  Assimilator  
  20  2:05  Probe (Chrono Boost)  
  21  2:14  Warp Gate (Chrono Boost)  
  20  2:29  Mothership Core (Chrono Boost)  
  21  2:37  Stalker  
  21  2:47  Probe (Chrono Boost)  
  20  2:56  Pylon  
  20  2:58  Probe (Chrono Boost)  
  19  3:08  Probe (Chrono Boost)  
  19  3:09  Stalker  
  23  3:13  Probe (Chrono Boost)  
  23  3:21  Probe (Chrono Boost)  
  23  3:24  Probe (Chrono Boost)  
  25  3:31  Probe (Chrono Boost)  
  26  3:36  Stalker  
  28  3:42  Probe (Chrono Boost)  
  28  3:44  Probe (Chrono Boost)  
  30  3:52  Pylon  
  30  3:57  Probe (Chrono Boost)  
  30  3:58  Probe (Chrono Boost)  
  32  4:12  Probe  
  32  4:14  Forge, Probe  
  34  4:28  Probe  
  35  4:32  Twilight Council  
  35  4:33  Probe  
  36  4:40  Probe  
  36  4:41  Protoss Ground Weapons Level 1 (Chrono Boost)  
  36  4:44  Probe  
  37  4:52  Probe  
  39  4:59  Probe  
  39  5:04  Gateway  
  40  5:11  Pylon  
  39  5:17  Probe x2  
  39  5:18  Pylon  
  41  5:22  Adept x2  
  45  5:29  Probe  
  45  5:30  Probe  
  45  5:34  Assimilator  
  47  5:40  Resonating Glaives (Chrono Boost)  
  47  5:42  Probe  
  48  5:56  Gateway  
  48  5:58  Stalker x2  
  52  6:07  Probe  
  52  6:08  Probe  
  54  6:14  Protoss Ground Weapons Level 2  
  54  6:17  Stalker  
  56  6:19  Probe  
  56  6:20  Probe  
  56  6:24  Assimilator  
  56  6:25  Adept x2  
  62  6:31  Probe  
  62  6:32  Probe  
  64  6:45  Probe  
  64  6:46  Probe  
  66  6:50  Stalker x2  
  70  7:00  Pylon  
  70  7:06  Pylon  
  70  7:09  Pylon  
  70  7:10  Blink (Chrono Boost)  
  70  7:18  Probe x2  
  70  7:19  Adept  
  70  7:20  Adept x2  
  78  7:30  Probe x2  
  80  7:40  Adept x2  
  80  7:41  Adept x2  
  88  7:44  Pylon  
  88  8:11  Nexus  
  88  8:13  Pylon  
  88  8:14  Adept x3  
  88  8:15  Adept  
  96  8:33  Pylon  
  96  8:37  Assimilator  
  96  8:41  Pylon, Assimilator  
  96  8:43  Photon Cannon  
  96  8:44  Protoss Ground Weapons Level 3  
  96  8:45  Pylon  
  96  8:49  Probe  
  96  8:50  Probe, Photon Cannon x2  
  96  8:52  Pylon  
  96  8:55  Adept x2  
  100  8:56  Adept x2  
  106  9:15  Gateway  
  106  9:18  Robotics Facility  
  106  9:21  Probe x2  
  106  9:22  Pylon  
  108  9:24  Probe  
  109  9:36  Adept  
  109  9:37  Adept x3  
  117  10:04  Mothership Core  
  115  10:18  Pylon  
  115  10:21  Pylon  
  115  10:28  Probe  
  115  10:29  Probe  
  115  10:32  Pylon  
  114  10:45  Nexus  
  114  10:46  Stalker x5  
  114  10:49  Assimilator  
  124  10:53  Assimilator  
  124  10:57  Pylon  
  124  11:08  Protoss Ground Armor Level 1  
  123  11:11  Observer  
  123  11:15  Probe x2  
  126  11:19  Probe  
  127  11:26  Adept x5  
  127  11:27  Probe  
  138  11:34  Gateway  
  138  11:35  Pylon, Gateway  
  138  11:38  Pylon  
  138  11:54  Stalker x3  
  138  11:55  Stalker x2  
  148  12:12  Pylon  
  148  12:20  Stalker x2  
  148  12:21  Stalker x3  
  158  12:24  Pylon  
  158  12:33  Probe  
  158  12:35  Probe x2  
  161  12:39  Observer  
  150  12:44  Probe, Stalker  
  150  12:45  Stalker x3  
  150  12:47  Protoss Shields Level 1  
  157  12:56  Probe x2  
  159  12:59  Photon Cannon  
  159  13:00  Warp Prism, Photon Cannon  
  159  13:01  Stalker x2  
  165  13:06  Photon Cannon  
  165  13:11  Stalker x2  
  154  13:36  Probe  
  154  13:37  Probe  
  142  13:46  Stalker x2  
  142  13:47  Stalker x3  
  146  14:01  Observer  
  107  14:39  Protoss Ground Armor Level 2  
  104  14:49  Stalker x5  
  114  15:04  Gateway  
  110  15:11  Gateway  
  110  15:15  Gateway x2  
  110  15:19  Gateway  
  110  15:27  Stalker  
  110  15:28  Stalker x4  
  92  15:43  Probe  
  92  15:45  Probe  
  88  16:11  Probe  
  88  16:13  Probe  
  88  16:14  Gateway  
  88  16:15  Gateway  
  90  16:21  Photon Cannon  
  90  16:22  Probe, Gateway  
  90  16:24  Photon Cannon  
  90  16:25  Probe  
  92  16:26  Pylon, Photon Cannon  
  91  16:34  Stalker  
  91  16:35  Stalker x3  
  90  17:48  Stalker  
  90  17:49  Stalker x2  
  90  17:50  Stalker x2  
  90  17:51  Stalker x5  
  110  18:03  Stalker x2  
  79  19:08  Adept x4  
  79  19:09  Adept x5  
  83  19:51  Adept x3  
  83  19:52  Adept x2  
  91  20:06  Stalker  
  63  21:31  Nexus  
Tags
 
Composition
MMM Bio
League
GoldGold
Matchup
PvT
Replay Pack
From the laptop
Spawn Locations
Cross Positions
Add a new tag
Caveats
  • Supply blocks, unpowered buildings, or Contaminate may cause inaccurate times.
  • Supply counts are checked every 10 seconds.